 Dungeon Crawl Stone Soup version 0.27-a0-343-gfcad680f63 (webtiles) character file.

Game seed: 13876712085313321431

75 wampuh the Digger (level 4, -2/33 HPs)
             Began as a Draconian Earth Elementalist on Feb 15, 2021.
             Slain by a gnoll
             ... wielding a +0 spear
              (6 damage)
             ... on level 2 of the Dungeon.
             The game lasted 00:03:24 (2410 turns).

wampuh the Digger (Draconian Earth Elementalist)    Turns: 2410, Time: 00:03:24

Health: -2/33      AC:  5    Str: 10    XL:     4   Next: 11%
Magic:  8/8        EV: 12    Int: 17    God:
Gold:   84         SH:  0    Dex: 11    Spells: 5/9 levels left

rFire    . . .     SeeInvis .   l - +3 dagger
rCold    . . .     Faith    .   (no shield)
rNeg     . . .     Spirit   .   (armour unavailable)
rPois    .         Reflect  .   (helmet restricted)
rElec    .         Harm     .   (no cloak)
rCorr    .         Rampage  .   (no gloves)
Will     .....                  (no boots)
Stlth    ++........             (no amulet)
HPRegen  0.11/turn              f - ring of flight
MPRegen  0.11/turn              (no ring)

@: no status effects
A: unfitting armour, cold-blooded, AC +5
a: Evoke Flight


You were on level 2 of the Dungeon.
You visited 1 branch of the dungeon, and saw 2 of its levels.

You collected 84 gold pieces.

Inventory:

Hand Weapons
 l - a +3 dagger (weapon)
Missiles
 b - 88 stones
Jewellery
 f - a ring of flight (left hand)
Scrolls
 d - a scroll of identify {unknown}
 e - a scroll of amnesia {unknown}
 g - 2 scrolls of enchant armour {unknown}
Potions
 a - a potion of flight {unknown}
 c - a potion of degeneration {unknown}
 h - a potion of resistance {unknown}
 i - a potion of brilliance {unknown}
 j - a potion of curing {unknown}
 k - a potion of lignification {unknown}
 m - a potion of ambrosia {unknown}


   Skills:
 - Level 1.7 Dodging
 - Level 1.7 Stealth
 + Level 3.0 Spellcasting
 * Level 1.4 Conjurations
 - Level 1.0 Transmutations
 + Level 3.9 Earth Magic


You had 5 spell levels left.
You knew the following spells:

 Your Spells              Type           Power        Failure   Level
a - Sandblast             Erth           30%          3%          1
b - Stone Arrow           Conj/Erth      22%          17%         3

Your spell library contained the following spells:

 Spells                   Type           Power        Failure   Level
 Passwall                 Tmut/Erth      8%           10%         2
 Petrify                  Tmut/Erth      10%          54%         4
 Lee's Rapid Deconstruct  Erth           7%           67%         5


Dungeon Overview and Level Annotations

Branches:
Dungeon (2/15)

Altars:
Uskayaw


Innate Abilities, Weirdness & Mutations

Your plain brown scales are hard. (AC +5)
You cannot fit into any form of body armour.
You are cold-blooded and may be slowed by cold attacks.


Message History

The bat is severely wounded.
The bat barely misses you.
The gnoll shouts!
You hear a shout! x2
You hit the bat.
You kill the bat!
You hear a shout!
You closely miss the gnoll.
Your tail-slap misses the gnoll.
The gnoll hits you but does no damage.
You hit the gnoll.
The gnoll is moderately wounded.
You barely miss the gnoll.
The gnoll is moderately wounded.
The gnoll closely misses you.
You hit the gnoll.
The gnoll is almost dead.
The gnoll hits you but does no damage.
You hit the gnoll.
The gnoll is almost dead.
The gnoll hits you with a +0 club.
A gnoll comes into view. It is wielding a +0 spear. x2
You hit the gnoll.
You kill the gnoll!
The gnoll hits you from afar with a +0 spear.
You have reached level 4!
You feel clever. The gnoll misses you.
You see here a +0 club.
You hit the gnoll.
The gnoll is moderately wounded.
The gnoll hits you with a +0 spear!
You are too injured to fight recklessly!
You are too injured to fight recklessly!
You are too injured to fight recklessly!
You hit the gnoll.
The gnoll is moderately wounded.
The gnoll hits you from afar with a +0 spear.
* * * LOW HITPOINT WARNING * * *
The gnoll barely misses you.
The gnoll hits you from afar with a +0 spear.
You die...

#########
######.......#
#......#####.#
#..........#.######
#..###.###.#.......
#..###...# #...####
##.@##....#.#...#
#...).._........####
.....#g#g...##.........
######.#...###..#.<###.
#.###.# #..#..# #. #..
.......#..###. ###
#.............
.#.....#####. #.....>
#.


You could see 2 gnolls.

Vanquished Creatures
  An adder (D:2)
  A gnoll (D:2)
  A worm (D:2)
  3 dart slugs (D:1)
  2 leopard geckos
  2 giant cockroaches
  4 goblins
  7 hobgoblins
  2 jackals (D:1)
  A ball python (D:1)
  12 bats
  A frilled lizard (D:2)
  4 kobolds
  5 rats
46 creatures vanquished.

Notes
Turn   | Place    | Note
-------+----------+-------------------------------------------
     0 | D:1      | wampuh the Draconian Earth Elementalist began the quest for
                  | the Orb.
     0 | D:1      | Reached XP level 1. HP: 14/14 MP: 3/3
   437 | D:1      | Reached XP level 2. HP: 7/20 MP: 0/5
  1020 | D:1      | Reached XP level 3. HP: 23/26 MP: 5/7
  1454 | D:2      | Learned a level 3 spell: Stone Arrow
  2017 | D:2      | Reached skill level 1 in Conjurations
  2374 | D:2      | Found a hide-covered altar of Uskayaw.
  2407 | D:2      | Reached XP level 4. HP: 23/33 MP: 8/8
  2410 | D:2      | Slain by a gnoll

Illustrated notes

Levels and vault maps discovered:
D:1:      psy_arrival_basics, layout_basic
D:2:      layout_loops_corners, nicolae_overflow_crystal_walls, minmay_vboxes

Skill      XL: |  1  2  3 |
---------------+----------+-----
Conjurations   | 1 |  1.4
Spellcasting   | 3 |  3.0
Dodging        | |  1.7
Stealth        | |  1.7
Transmutations | |  1.0
Earth Magic    | |  3.9

Action                   |  1- 3 |  4- 6 || total
-------------------------+-------+-------++-------
Melee: Unarmed           |    36 |       ||    36
       Tailslap          |     6 |       ||     6
       Dagger            |    74 |     2 ||    76
       Club              |     7 |       ||     7
 Cast: Sandblast         |    30 |       ||    30
       Stone Arrow       |     1 |       ||     1
 Stab: Sleeping          |     1 |       ||     1
Armor: Skin              |    34 |       ||    34
Dodge: Dodged            |    88 |     2 ||    90

Table legend: (Time is in decaauts)
 A = Elapsed time spent in this place.
 B = Non-inter-level travel time spent in this place.
 C = Inter-level travel time spent in this place.
 D = Time resting spent in this place.
 E = Time spent auto-exploring this place.
 F = Levels seen in this place.
 G = Mean time per level.
                   A        B        C        D        E       F      G
               +--------+--------+--------+--------+--------+-----+--------+
         Total |   2410 |   2391 |     19 |    868 |   1166 |   2 | 1205.0 |
       Dungeon |   2410 |   2391 |     19 |    868 |   1166 |   2 | 1205.0 |
               +--------+--------+--------+--------+--------+-----+--------+

Top non-repeatable levels by time:
     D:1: 1373 daAuts
     D:2: 1036 daAuts
